 Dungeon Crawl Stone Soup version 0.18.1-48-g4cf74bf (webtiles) character file.

170 dearth the Skirmisher (level 5, 0/47 HPs)
             Began as a Hill Orc Fighter on Aug 5, 2016.
             Killed from afar by an orc wizard (8 damage)
             ... with a magic dart
             ... on level 3 of the Dungeon.
             The game lasted 00:04:31 (1801 turns).

dearth the Skirmisher (Hill Orc Fighter)            Turns: 1801, Time: 00:04:31

Health: 0/47       AC:  9    Str: 20    XL:     5   Next: 51%
Magic:  5/5        EV:  7    Int:  8    God:
Gold:   116        SH:  8    Dex: 10    Spells: 0 memorised, 4 levels left

rFire  . . .     SeeInvis .     a - +0 war axe
rCold  . . .     Gourm    .     b - +0 scale mail
rNeg   . . .     Faith    .     c - +0 shield
rPois  .         Spirit   .     (no helmet)
rElec  .         Dismiss  .     (no cloak)
rCorr  .         Reflect  .     (no gloves)
SustAt +         Harm     .     h - +2 pair of boots
MR     .....                    (no amulet)
Stlth  ..........               e - ring of loudness (curse)
                                k - ring of sustain attributes

@: slowed, heavily drained, very slow, not resistant to hostile enchantments,
extremely unstealthy
A: no striking features
a: no special abilities


You were on level 3 of the Dungeon.
You were not hungry.

You visited 1 branch of the dungeon, and saw 3 of its levels.

You collected 116 gold pieces.

Inventory:

Hand Weapons
 a - a +0 war axe (weapon)
Armour
 b - a +0 scale mail (worn)
 c - a +0 shield (worn)
 h - a +2 pair of boots (worn)
Jewellery
 e - a cursed ring of loudness (right hand)
 k - a ring of sustain attributes (left hand)
Scrolls
 g - 7 scrolls of identify {unknown}
 i - a scroll of remove curse {unknown}
 p - a scroll of random uselessness {unknown}
 q - a scroll of teleportation {unknown}
Potions
 d - a potion of might
 l - 2 potions of curing {unknown}
 m - a potion of cancellation {unknown}
 o - a potion of lignification {unknown}
Comestibles
 f - 2 bread rations
 j - 4 fruits
 n - a chunk of flesh


   Skills:
 + Level 4.9(3.0) Fighting
 + Level 3.6(1.8) Axes
 + Level 4.0(2.2) Armour
 + Level 1.4(0.0) Dodging
 + Level 4.2(2.4) Shields


You had 4 spell levels left.
You didn't know any spells.

Dungeon Overview and Level Annotations

Branches:
Dungeon (3/15)

Altars:


Message History

The orc wizard hits you but does no damage.
You feel drained. You block the orc's attack.
The orc wizard hits you but does no damage.
You feel drained.
The orc wizard casts a spell.
The orc wizard blinks!
The orc hits you with a hand axe.
* * * LOW HITPOINT WARNING * * *
The orc wizard gestures wildly while chanting.
The orc wizard blinks!
You open the door. The orc wizard casts a spell at you.
You resist with some effort. You block the orc's attack.
The orc wizard hits you but does no damage.
You feel drained.
Found 18 gold pieces.
A hobgoblin comes into view. It is wielding a club.
The hobgoblin shouts!
The orc wizard points at you and mumbles some strange words.
The magic dart hits you!
You die...

#...)............
#..........####..
##.........# .
#########'####
####...## #.#
#......g# #.#
#....$..# #.#
#.......# #.#
#@#####.###
#.o.......#
#o......#.#
#.#.....#.#
#.....#'#+#
#####..)..o....
+..........
#..........
#####+#####


You could see an orc wizard, an orc and a hobgoblin.

Vanquished Creatures
  2 orc wizards (D:3)
  5 gnolls
  2 adders
  2 dart slugs (D:2)
  A giant gecko (D:1)
  A ball python (D:1)
  11 bats
  A giant cockroach (D:1)
  3 hobgoblins
  4 jackals (D:2)
  3 kobolds (D:2)
  8 giant newts (D:1)
  4 goblins
  4 rats
51 creatures vanquished.

Notes
Turn   | Place    | Note
--------------------------------------------------------------
     0 | D:1      | dearth the Hill Orc Fighter began the quest for the Orb.
     0 | D:1      | Reached XP level 1. HP: 19/19 MP: 1/1
   222 | D:1      | You fall through a shaft!
   250 | D:1      | Reached XP level 2. HP: 27/27 MP: 2/2
   451 | D:1      | Reached XP level 3. HP: 25/33 MP: 3/3
   965 | D:2      | Reached skill level 1 in Dodging
  1254 | D:2      | Reached XP level 4. HP: 40/40 MP: 4/4
  1752 | D:3      | Reached XP level 5. HP: 47/47 MP: 5/5
  1801 | D:3      | Killed from afar by an orc wizard

Skill      XL: |  1  2  3  4 |
---------------+-------------+-----
Fighting       | 4 |  4.9
Axes           | 3 |  3.6
Dodging        | 1 |  1.4
Shields        | 4 |  4.2
Armour         | 4 |  4.0

Action                   |  1- 3 |  4- 6 || total
-------------------------+-------+-------++-------
Melee: War axe           |   112 |    60 ||   172
  Eat: Chunk             |       |     3 ||     3
Armor: Scale mail        |    82 |    40 ||   122
Dodge: Dodged            |    49 |    17 ||    66
Block: Shield            |    67 |    40 ||   107
